 Dungeon Crawl Stone Soup version 0.16.0-11-gd45b091 (webtiles) character file.

9 Vutha the Stinger (level 2, 0/19 HPs)
             Began as a Formicid Venom Mage on Mar 18, 2015.
             Slain by a hobgoblin
             ... wielding a +0 club
              (4 damage)
             ... on level 1 of the Dungeon.
             The game lasted 00:07:22 (616 turns).

Vutha the Stinger (Formicid Venom Mage)              Turns: 616, Time: 00:07:22

Health: 0/19       AC:  2    Str: 12    XL:     2   Next: 20%
Magic:  5/5        EV: 12    Int: 14    God:
Gold:   28         SH:  0    Dex: 11    Spells: 1 memorised, 4 levels left

rFire  . . .     SeeInvis +     l - -1 club (curse)
rCold  . . .     Clarity  .     a - +0 robe
rNeg   . . .     SustAb   .     (no shield)
rPois  .         Gourm    .     (helmet unavailable)
rElec  .         Spirit   .     (no cloak)
rCorr  .         Warding  .     (no gloves)
rMut   .         Stasis   +     (no boots)
MR     .....                    (no amulet)
Stlth  ++........               (no ring)
                                (no ring)

@: not resistant to hostile enchantments, unstealthy
A: permanent stasis, dig shafts and tunnels, four strong arms, antennae 3
a: Dig, Shaft Self


You were on level 1 of the Dungeon.
You were not hungry.

You visited 1 branch of the dungeon, and saw 1 of its levels.

You collected 28 gold pieces.

Inventory:

Hand weapons
 k - a +0 hunting sling
 l - a cursed -1 club (weapon)
Missiles
 h - 8 stones (quivered)
 i - 28 arrows
Armour
 a - a +0 robe (worn)
 g - a +0 centaur barding
Scrolls
 f - a scroll of magic mapping
Potions
 d - a potion of might {unknown}
 e - a potion of mutation {unknown}
 j - a potion of agility {unknown}
Books
 b - a Young Poisoner's Handbook

   Spells                             Type                      Level
   a - Sting                          Conjuration/Poison           1
   b - Cure Poison                    Poison                       2
   c - Mephitic Cloud                 Conjuration/Poison/Air       3
   d - Olgreb's Toxic Radiance        Poison                       4
   e - Venom Bolt                     Conjuration/Poison           5
Comestibles
 c - a bread ration
 m - a beef jerky
 n - a meat ration


   Skills:
 + Level 1.9 Dodging
 + Level 2.4 Stealth
 + Level 2.2 Spellcasting
 + Level 5.8 Poison Magic


You had 4 spell levels left.
You knew the following spells:

 Your Spells              Type           Power        Failure   Level  Hunger
a - Sting                 Conj/Pois      #...         10%         1    #......


Dungeon Overview and Level Annotations

Branches:
Dungeon (1/15)

Altars:


Innate Abilities, Weirdness & Mutations

You are under a permanent stasis effect.
You can dig through walls and to a lower floor.
Your four strong arms can wield two-handed weapons with a shield.
You have a pair of large antennae on your head (SInv).


Message History

The hobgoblin closely misses you.
Throwing (i - inventory):
h - 11 stones (quivered)
Press: ? - help, Shift-Dir - straight line, f/p - hobgoblin
Aim: a hobgoblin, wielding a club (lightly wounded)
You throw a stone. The stone hits the hobgoblin.
The hobgoblin is moderately wounded.
The hobgoblin hits you with a club.
Throwing (i - inventory):
h - 10 stones (quivered)
Press: ? - help, Shift-Dir - straight line, f/p - hobgoblin
Aim: a hobgoblin, wielding a club (moderately wounded)
You throw a stone. The stone closely misses the hobgoblin.
The hobgoblin hits you with a club.
* * * LOW HITPOINT WARNING * * *
Throwing (i - inventory):
h - 9 stones (quivered)
Press: ? - help, Shift-Dir - straight line, f/p - hobgoblin
Aim: a hobgoblin, wielding a club (moderately wounded)
You throw a stone. The stone hits the hobgoblin.
The hobgoblin is heavily wounded.
The hobgoblin hits you with a club.
You die...

####............## ##....#...#
##...##......#..### ##...#...#
#.........#.......## #......#..#
.......#.#.........###......###..
.......#.#.##.........>...... ##
............................#.
...........#####............
...........#.....##..#....
.......#.#......@...#..##
.......###......g..#..## #......#
#.........#.##
##.......#...........#
.#####.............### .#
#............# .# ..#........##
.. ..# ........ ... . ..?.(..


You could see a hobgoblin.

Vanquished Creatures
  A hobgoblin (D:1)
  A kobold (D:1)
  3 bats (D:1)
  2 giant newts (D:1)
  2 rats (D:1)
9 creatures vanquished.

Notes
Turn   | Place    | Note
--------------------------------------------------------------
     0 | D:1      | Vutha, the Formicid Venom Mage, began the quest for the Orb.
     0 | D:1      | Reached XP level 1. HP: 13/13 MP: 3/3
   499 | D:1      | Reached XP level 2. HP: 19/19 MP: 5/5
   616 | D:1      | Slain by a hobgoblin

Action                   || total
-------------------------++-------
Melee: Unarmed           ||    20
       Club              ||    12
       Hunting sling     ||     2
 Fire: Hunting sling     ||     5
Throw: Stone             ||    10
 Cast: Sting             ||     2
  Use: Scroll            ||     2
